 Dungeon Crawl Stone Soup version 0.23-a0-336-g43d87f4 (webtiles) character file.

86 Faust the Conjurer (level 4, 0/24 HPs)
             Began as a Deep Elf Conjurer on Oct 17, 2018.
             Slain by a rat (1 damage)
             ... on level 2 of the Dungeon.
             The game lasted 00:17:08 (2259 turns).

Faust the Conjurer (Deep Elf Conjurer)              Turns: 2259, Time: 00:17:08

Health: 0/24       AC:  0    Str:  5    XL:     4   Next: 26%
Magic:  12/12      EV: 13    Int: 21    God:
Gold:   70         SH:  0    Dex: 15    Spells: 4/11 levels left

rFire    . . .     SeeInvis .   e - +0 dagger
rCold    . . .     Gourm    .   (no shield)
rNeg     . . .     Faith    .   a - +0 robe
rPois    .         Spirit   .   (no helmet)
rElec    .         Reflect  .   (no cloak)
rCorr    .         Harm     +   (no gloves)
MR       .....                  (no boots)
Stlth    ++........             h - amulet of harm
HPRegen  0.08/turn              i - -2 ring of protection (curse)
MPRegen  0.13/turn              (no ring)

@: no status effects
A: no striking features
a: no special abilities


You were on level 2 of the Dungeon.
You were not hungry.

You visited 1 branch of the dungeon, and saw 2 of its levels.

You collected 70 gold pieces.

Inventory:

Hand Weapons
 e - a +0 dagger (weapon)
Armour
 a - a +0 robe (worn)
Jewellery
 h - an amulet of harm (around neck)
 i - a cursed -2 ring of protection (left hand)
Scrolls
 d - 2 scrolls of amnesia
 g - 2 scrolls of fog
Potions
 b - a potion of curing
 f - a potion of invisibility {unknown}
Comestibles
 c - 3 rations


   Skills:
 + Level 2.6 Dodging
 + Level 3.0 Stealth
 + Level 4.0 Spellcasting
 + Level 5.6 Conjurations


You had 4 spell levels left.
You knew the following spells:

 Your Spells              Type           Power        Failure   Level  Hunger
a - Magic Dart            Conj           ####         1%          1    None
b - Searing Ray           Conj           ####..       1%          2    #......
c - Iskenderun's Mystic   Conj           ####....     12%         4    ####...

Your spell library contained the following spells:

 Spells                   Type           Power        Failure   Level  Hunger
 Dazzling Spray           Conj/Hex       ###...       11%         3    ###....
 Force Lance              Conj/Tloc      ###.....     36%         4    ####...
 Fulminant Prism          Conj/Hex       ###.......   36%         4    ####...


Dungeon Overview and Level Annotations

Branches:
Dungeon (2/15)

Altars:


Message History

The bat misses you. x2; The rat completely misses you.
The bat hits you.
* * * LOW HITPOINT WARNING * * *
The rat barely misses you. The bat hits you.
* * * LOW HITPOINT WARNING * * *
The bat hits you.
* * * LOW HITPOINT WARNING * * *
The rat bites you.
* * * LOW HITPOINT WARNING * * *
The bat closely misses you. The rat misses you. The bat barely misses you.
The rat barely misses you. The bat hits you.
* * * LOW HITPOINT WARNING * * *
The rat misses you. The bat barely misses you. The rat completely misses you.
The bat hits you.
* * * LOW HITPOINT WARNING * * *
The rat bites you.
You die...

...# ...# ...# . ...### $. #...#
... #...# ..## ... #...#
####+##### ..... ... ##...#
#...[..b.#...# ♣.♣ .....#
#.......@rg..+ ... ...'##
#........#...# ♣#♣.♣
...'##...........# ..# ....
...'##...........###########♣#♣.♣
.....#.....[.......##............
.....#..♣♣♣♣♣#####.##.........♣.♣
##...#...... ##'##............
##...#. ♣.P.♣####...#......♣.♣♣#.
.##.## ♣.......†..#......P.♣♣♣.


You could see a goblin, a bat and a rat.

Vanquished Creatures
  A gnoll (D:1)
  2 adders (D:2)
  An ooze (D:2)
  A worm (D:1)
  3 dart slugs (D:1)
  5 bats
  2 giant cockroaches
  5 hobgoblins
  4 jackals (D:2)
  4 frilled lizards
  6 goblins
  6 kobolds
  3 rats (D:1)
43 creatures vanquished.

Notes
Turn   | Place    | Note
-------+----------+-------------------------------------------
     0 | D:1      | Faust the Deep Elf Conjurer began the quest for the Orb.
     0 | D:1      | Reached XP level 1. HP: 10/10 MP: 6/6
   124 | D:1      | Reached XP level 2. HP: 15/15 MP: 2/8
   128 | D:1      | Learned a level 2 spell: Searing Ray
   463 | D:1      | Reached skill level 5 in Conjurations
   833 | D:1      | Reached XP level 3. HP: 19/19 MP: 6/9
  1954 | D:2      | Reached XP level 4. HP: 24/24 MP: 6/12
  2151 | D:2      | Learned a level 4 spell: Iskenderun's Mystic Blast
  2259 | D:2      | HP: 1/24 [bat (1)]
  2259 | D:2      | Slain by a rat

Vault maps used:
D:1:      evilmike_arrival_run_for_it
D:2:      serial_forest, infiniplex_forest_corner_1,
          infiniplex_forest_straight_3, infiniplex_forest_corner_2,
          infiniplex_forest_lined_4_way, infiniplex_forest_fountain,
          infiniplex_forest_lined_2, infiniplex_forest_end_1,
          minmay_misc_feat_alley

Skill      XL: |  1  2  3  4 |
---------------+-------------+-----
Conjurations   | 5 |  5.6
Spellcasting   | 4 |  4.0
Stealth        | 3 |  3.0
Dodging        | |  2.6

Action                   |  1- 3 |  4- 6 || total
-------------------------+-------+-------++-------
Melee: Unarmed           |    17 |       ||    17
       Dagger            |     3 |       ||     3
 Cast: Magic Dart        |    51 |     6 ||    57
       Searing Ray       |    16 |     2 ||    18
       Iskenderun's Myst |       |     1 ||     1
  Use: Scroll            |     5 |     1 ||     6
       Potion            |     1 |       ||     1
  Eat: Ration            |     1 |       ||     1
       Chunk             |     1 |       ||     1
Armor: Robe              |    13 |       ||    13
Dodge: Dodged            |    19 |    35 ||    54

Table legend:
 A = Non-vault XP
 B = Vault XP
 C = Vault XP percentage of total XP
 D = Non-vault monster count
 E = Vault monster count
 F = Vault count percentage of total count
                 A         B        C        D         E       F
            +---------+---------+-------+---------+---------+-------
      Total |     118 |       5 |   4.1 |      42 |       1 |   2.3
            +---------+---------+-------+---------+---------+-------
        D:1 |      55 |       5 |   8.3 |      23 |       1 |   4.2
        D:2 |      63 |       0 |   0.0 |      19 |       0 |   0.0
            +---------+---------+-------+---------+---------+-------
